 Dungeon Crawl Stone Soup version 0.25-b1-46-gb8a1ec05df (webtiles) character file.

Game seed: 9998946400310573320

107123 grindst0ne the Pandemonic (level 15, 0/144 HPs)
             Began as a Deep Dwarf Fighter on June 11, 2020.
             Was a High Priest of Makhleb.
             Slain by a redback (3 damage)
             ... on level 2 of the Spider Nest.
             The game lasted 01:37:08 (22228 turns).

grindst0ne the Pandemonic (Deep Dwarf Fighter)     Turns: 22228, Time: 01:37:09

Health: 0/144      AC: 27    Str: 23    XL:     15   Next: 99%
Magic:  1/1        EV: 11    Int: 10    God:    Makhleb [*****.]
Gold:   2504       SH:  0    Dex: 20    Spells: 14/14 levels left

rFire    . . .     SeeInvis +   e - +2 battleaxe (freeze)
rCold    . . .     Gourm    .   (shield currently unavailable)
rNeg     + . .     Faith    +   v - +0 plate armour
rPois    +         Spirit   .   L - +2 helmet {SInv}
rElec    .         Reflect  .   c - +1 cloak {rPois}
rCorr    .         Harm     .   R - +0 pair of gloves
MR       +++..                  N - +2 pair of boots
Stlth    ..........             W - amulet of faith
HPRegen  0.00/turn              w - +6 ring of dexterity
MPRegen  0.07/turn              Y - ring of protection from magic

@: lethally poisoned (0 -> 0), non-regenerating
A: damage resistance, heal wounds, negative energy resistance 1, sense
surroundings 2, no regeneration
a: Heal Wounds, Minor Destruction, Lesser Servant of Makhleb, Major Destruction,
Greater Servant of Makhleb, Renounce Religion


You were on level 2 of the Spider Nest.
You worshipped Makhleb.
Makhleb was extremely pleased with you.
You were not hungry.

You visited 5 branches of the dungeon, and saw 26 of its levels.
You also visited: Bailey and Ice Cave.

You collected 3805 gold pieces.
You spent 1301 gold pieces at shops.

Inventory:

Hand Weapons
 e - a +2 battleaxe of freezing (weapon)
 G - a +3 scimitar of flaming
Missiles
 x - 61 boomerangs
 P - 6 javelins (quivered)
 S - 12 curare-tipped darts
Armour
 c - a +1 cloak of poison resistance (worn)
 v - a +0 plate armour (worn)
 C - a +0 kite shield of reflection
 L - a +2 helmet of see invisible (worn)
 N - a +2 pair of boots (worn)
 R - a +0 pair of gloves (worn)
 Z - a +0 tower shield of cold resistance
Jewellery
 r - an uncursed ring of positive energy
 t - an uncursed ring of flight
 w - a +6 ring of dexterity (left hand)
 H - an uncursed ring of poison resistance
 Q - an uncursed ring of ice
 T - an uncursed ring of protection from cold
 V - an uncursed amulet of reflection {unknown}
 W - an amulet of faith (around neck)
 Y - a ring of protection from magic (right hand)
Wands
 g - a wand of digging (2)
 p - a wand of flame (64)
 y - a wand of iceblast (8)
 O - a wand of random effects (22)
Scrolls
 b - 8 scrolls of immolation
 h - 6 scrolls of remove curse
 i - 7 scrolls of magic mapping
 k - a scroll of identify
 l - 4 scrolls of blinking
 q - 4 scrolls of enchant armour
 s - 6 scrolls of teleportation
 B - 2 scrolls of amnesia
 I - 4 scrolls of enchant weapon
Potions
 d - 2 potions of might
 j - 4 potions of berserk rage
 m - 3 potions of haste
 n - 5 potions of curing
 o - 3 potions of mutation
 u - 2 potions of invisibility
 z - 2 potions of cancellation
 A - 2 potions of ambrosia
 E - 2 potions of resistance
 F - 5 potions of flight
 K - 4 potions of brilliance
 M - a potion of magic
 X - a potion of heal wounds
Comestibles
 f - 35 rations


   Skills:
 + Level 11.7 Fighting
 + Level 13.4 Axes
 + Level 13.5 Armour
 - Level 6.0 Dodging
 - Level 10.4 Shields
 * Level 18.9 Invocations
 - Level 9.0 Evocations


You had 14 spell levels left.
You didn't know any spells.
Your spell library contained the following spells:

 Spells                   Type           Power        Failure   Level  Hunger
 Animate Skeleton         Necr           N/A          98%         1    ##.....
 Apportation              Tloc           #.....       98%         1    ##.....
 Magic Dart               Conj           #...         98%         1    ##.....
 Pain                     Necr           #...         98%         1    ##.....
 Shock                    Conj/Air       #...         98%         1    ##.....
 Sting                    Tmut/Pois      #...         98%         1    ##.....
 Summon Butterflies       Summ           #.......     98%         1    ##.....
 Blink                    Tloc           N/A          99%         2    ###....
 Call Imp                 Summ           #.......     99%         2    ###....
 Poisonous Vapours        Pois/Air       #.....       99%         2    ###....
 Slow                     Hex            #.......     99%         2    ###....
 Swiftness                Chrm/Air       #.......     99%         2    ###....
 Conjure Flame            Conj/Fire      #.......     100%        3    ####...
 Ignite Poison            Fire/Tmut/Pois #.......     100%        3    ####...
 Lesser Beckoning         Tloc           #.........   100%        3    ####...
 Mephitic Cloud           Conj/Pois/Air  #.......     100%        3    ####...
 Static Discharge         Conj/Air       #.......     100%        3    ####...
 Tukima's Dance           Hex            #.......     100%        3    ####...
 Vampiric Draining        Necr           #.........   100%        3    ####...
 Airstrike                Air            #.........   100%        4    #####..
 Animate Dead             Necr           N/A          100%        4    #####..
 Ice Form                 Ice/Tmut       #.......     100%        4    #####..
 Olgreb's Toxic Radiance  Pois           #.......     100%        4    #####..
 Agony                    Necr           #.......     100%        5    ######.
 Alistair's Intoxication  Tmut/Pois      #.......     100%        5    ######.
 Bolt of Magma            Conj/Fire/Erth #.........   100%        5    ######.
 Irradiate                Conj/Tmut      #.........   100%        5    ######.
 Iskenderun's Battlesphe  Conj/Chrm      #.......     100%        5    ######.
 Lightning Bolt           Conj/Air       #.........   100%        5    ######.
 Metabolic Englaciation   Hex/Ice        #.........   100%        5    ######.
 Freezing Cloud           Conj/Ice/Air   #.........   100%        6    #######
 Hydra Form               Tmut           #.........   100%        6    #######
 Invisibility             Hex            #.......     100%        6    #######
 Iron Shot                Conj/Erth      #.........   100%        6    #######
 Ozocubu's Refrigeration  Ice            #.........   100%        6    #######
 Simulacrum               Ice/Necr       #.........   100%        6    #######
 Statue Form              Tmut/Erth      #........    100%        6    #######
 Dragon Form              Tmut           #.........   100%        7    #######
 Orb of Destruction       Conj           #.........   100%        7    #######
 Spellforged Servitor     Conj/Summ      #.........   100%        7    #######


Dungeon Overview and Level Annotations

Branches:
Dungeon (15/15)            Temple (1/1) D:6            Lair (6/6) D:8
 Shoals (0/4) Lair:2       Spider (2/4) Lair:3        Slime (0/5) Lair:6
    Orc (2/2) D:11            Elf (0/3) Orc:2        Vaults (0/5) D:13
 Depths (0/5) D:15         Bailey (visited)           IceCv (visited)

Altars:
Ashenzari
Elyvilon
Fedhas
Makhleb
Okawaru
Ru
Sif Muna
Trog
Uskayaw
Xom
Yredelemnul
Jiyva

Shops:
D:11 [(   D:15 (*?   Orc:2 %([[

Annotations:
D:8 exclusion: downstairs
D:13 1 runed translucent door, exclusion: orange crystal statue
D:14 3 runed translucent doors, Opnastoc's ghost, journeyman MiBe
Lair:2 exclusion: oklob plant
Lair:3 1 runed translucent door, Yjeari's ghost, journeyman GrMo
Lair:4 2 transporters, exclusions: downstairs and 2 more exclusions, HunfridMar's ghost, journeyman DECj
Spider:1 exclusion: downstairs


Innate Abilities, Weirdness & Mutations

You are resistant to damage.
You can heal yourself by infusing magical energy.
You resist negative energy. (rN+)
You passively map the area around you.
You do not regenerate.


Message History

The jumping spider bites you but does no damage.
The redback bites you but does no damage.
Your blizzard demon hits the jumping spider.
Your blizzard demon hits the jumping spider!
Your cacodemon hits the jumping spider!
The jumping spider dies!
Makhleb accepts your kill.
You hit the redback. You freeze the redback.
The redback is heavily wounded.
You miss the redback. The redback closely misses you. The redback bites you.
Your blizzard demon hits the tarantella!
Your blizzard demon closely misses the tarantella.
Your cacodemon barely misses the redback. x2
The redback misses you. The tarantella bites you!
* * * LOW HITPOINT WARNING * * *
You hit the tarantella. You freeze the tarantella.
The tarantella is heavily wounded.
You slash the redback! You freeze the redback. You slash the redback!
You freeze the redback. The redback bites you.
You die...

#...<......... ,*
,.......#..............^ ,
. .....^.........$...... ..
........%....s....... ,
...#..#.......%......... ,,
...........#............,,,
,, ..!s.<...............^..
, ,
.(..............2....... ,
, ...#..........2.@s#.....
, ,
.#.>...........ss.$.....
.....#..:....s...%.^...., *
.....?....#.^..s........ *
...○.............(....#. ,
^^.....†..............^., ,
#..#....s^#......?....#. *
........††^............. ,,
,,
.......ss.#...........#., ,


You could see 2 orb spiders, a tarantella, 3 redbacks, a friendly cacodemon
(summoned) and a friendly blizzard demon (summoned).

Vanquished Creatures
  A frost giant (IceCv)
  2 emperor scorpions (Spider:1)
  3 entropy weavers (Spider:1)
  A dire elephant (D:15)
  An ettin (Orc:1)
  Azrael (D:12)
  Josephine (D:14)
  Erolcha (D:9)
  Fannar (Orc:1)
  4 hydras
  A catoblepas (Lair:6)
  Erica (Lair:1)
  13 two-headed ogres
  4 centaur warriors
  4 ogre magi (Orc:2)
  A tengu warrior (D:14)
  5 death yaks
  Urug (D:10)
  An unseen horror (D:13)
  Pikel (D:5)
  3 orc sorcerers
  7 orb spiders (Spider:1)
  14 wolf spiders
  2 orc knights
  An ugly thing (D:12)
  6 manticores
  A salamander (D:15)
  A merfolk siren (Lair:2)
  3 black mambas
  3 gargoyles
  2 elephants
  2 spiny frogs
  2 molten gargoyles (Lair:5)
  A torpor snail (Spider:1)
  Maggie (D:7)
  2 komodo dragons
  A rime drake (Lair:6)
  5 demonic crawlers
  3 kobold demonologists (D:12)
  A hornet (D:7)
  14 polar bears
  10 jumping spiders
  9 trolls
  2 slime creatures (D:15)
  7 hippogriffs
  2 blink frogs (Lair:6)
  A meliai zombie (D:15)
  19 redbacks
  5 tarantellas
  37 yaks
  2 wyverns (D:14)
  5 wraiths
  4 fire elementals (D:12)
  2 hungry ghosts
  2 hogs (D:7)
  A human (D:7)
  8 water moccasins
  6 porcupines
  Duvessa (D:5)
  A hell hound (D:12)
  2 sky beasts
  3 black bears
  16 orc warriors
  3 ice beasts
  2 necrophages
  A phantom (D:7)
  A slave (D:5)
  26 ogres
  13 wolves
  7 centaurs
  12 crocodiles
  7 big kobolds
  14 bullfrogs
  A gnoll sergeant (D:10)
  A wyvern skeleton (D:8)
  Dowan (D:5)
  3 scorpions
  9 killer bees
  A water moccasin skeleton (D:6)
  5 wights (D:13)
  A howler monkey (D:9)
  An electric eel (Lair:1)
  2 bullfrog zombies
  4 lava snakes (Lair:5)
  7 crimson imps
  4 centaur zombies
  2 jellies
  4 orc priests
  A bullfrog skeleton (D:13)
  8 hounds
  A centaur skeleton (D:4)
  7 iguanas
  8 worker ants
  20 orc wizards
  2 hound zombies
  2 hound skeletons
  7 gnolls
  2 howler monkey skeletons
  9 adders
  3 shadow imps
  12 white imps (Lair:4)
  An ooze (D:1)
  An adder zombie (D:9)
  3 adder skeletons
  4 worms
  4 dart slugs
  8 leopard geckos
  57 orcs
  6 giant cockroaches
  11 goblins
  15 hobgoblins
  11 jackals
  39 kobolds
  3 quokkas
  11 bats
  5 frilled lizards
  4 rats
665 creatures vanquished.

Vanquished Creatures (collateral kills)
  Jorgrun (D:12)
  An ironheart preserver (D:13)
  Snorg (Orc:1)
  Harold (D:7)
  A hydra (D:12)
  2 catoblepae (Lair:6)
  2 centaur warriors (D:13)
  5 two-headed ogres
  An alligator (Lair:6)
  Sonja (Orc:2)
  4 death yaks (Lair:6)
  An orb spider (Spider:1)
  A lindwurm (Lair:6)
  2 ugly things
  A cyclops (Orc:2)
  A deep elf mage (D:13)
  3 wolf spiders
  7 elephants
  4 black mambas
  3 spiny frogs
  A komodo dragon (D:13)
  2 jumping spiders
  6 blink frogs
  3 hippogriffs
  3 redbacks
  A vampire (D:12)
  3 tarantellas
  20 yaks
  2 wraiths (D:14)
  A basilisk (Lair:3)
  2 steam dragons (D:14)
  A warg (Orc:2)
  An acid dragon (D:12)
  2 water moccasins (Lair:6)
  A hell hound (D:12)
  2 porcupines
  An orc warrior (D:12)
  An ice beast (D:12)
  3 ogres
  An eye of draining (D:12)
  A wolf (Lair:6)
  6 centaurs
  A crocodile (Lair:5)
  A big kobold (D:12)
  A bullfrog (Lair:5)
  4 killer bees (D:12)
  A crimson imp (D:12)
  A lava snake (Lair:5)
  A hound (D:12)
  An orc priest (Orc:2)
  An iguana (D:13)
  2 orcs
  2 kobolds (D:12)
  A plant (Lair:6)
124 creatures vanquished.

Vanquished Creatures (others)
  2 jumping spiders
  2 polar bears (IceCv)
  4 yaks (IceCv)
  6 wolves (IceCv)
  An orc (D:9)
  6 fungi (D:8)
  3 plants
24 creatures vanquished.

Grand Total: 813 creatures vanquished

Notes
Turn   | Place    | Note
-------+----------+-------------------------------------------
     0 | D:1      | grindst0ne the Deep Dwarf Fighter began the quest for the
                  | Orb.
     0 | D:1      | Reached XP level 1. HP: 20/20 MP: 1/1
   343 | D:1      | Reached XP level 2. HP: 24/27 MP: 2/2
   556 | D:1      | Reached XP level 3. HP: 20/34 MP: 3/3
   965 | D:2      | Reached XP level 4. HP: 38/42 MP: 4/4
  1397 | D:3      | Found a faded altar of an unknown god.
  1479 | D:3      | Noticed a centaur
  1489 | D:3      | Killed a centaur
  1489 | D:3      | Reached XP level 5. HP: 28/50 MP: 5/5
  1914 | D:4      | Noticed an ogre
  1936 | D:4      | Killed an ogre
  1936 | D:4      | Reached XP level 6. HP: 57/57 MP: 6/6
  2346 | D:4      | Reached skill level 5 in Armour
  2346 | D:4      | Reached skill level 5 in Shields
  2473 | D:5      | Entered Level 5 of the Dungeon
  2539 | D:5      | Reached XP level 7. HP: 45/66 MP: 7/7
  3063 | D:5      | Noticed Pikel
  3077 | D:5      | Killed Pikel
  3077 | D:5      | Reached skill level 5 in Fighting
  3077 | D:5      | Reached skill level 5 in Axes
  3077 | D:5      | Reached XP level 8. HP: 35/74 MP: 8/8
  3225 | D:5      | Noticed Dowan
  3225 | D:5      | Noticed Duvessa
  3241 | D:5      | Killed Dowan
  3259 | D:5      | Killed Duvessa
  3679 | D:6      | Found a staircase to the Ecumenical Temple.
  3686 | Temple   | Entered the Ecumenical Temple
  3756 | Temple   | Became a worshipper of Makhleb the Destroyer
  3817 | D:6      | Reached skill level 1 in Invocations
  3980 | D:6      | Identified a scroll of acquirement
  4687 | D:7      | Reached skill level 1 in Evocations
  4692 | D:7      | Reached skill level 2 in Invocations
  4815 | D:7      | Found a flagged portal.
  4824 | Bailey   | Entered a bailey
  5031 | Bailey   | Gained mutation: You passively map the area around you.
                  | [Deep Dwarf growth]
  5031 | Bailey   | Reached XP level 9. HP: 64/82 MP: 0/8
  5163 | Bailey   | Reached skill level 3 in Invocations
  5226 | Bailey   | Reached * piety under Makhleb
  5229 | Bailey   | Noticed an orc knight
  5245 | Bailey   | Killed an orc knight
  5245 | Bailey   | Reached skill level 4 in Invocations
  6023 | D:7      | Reached skill level 5 in Invocations
  6048 | D:7      | Found a white marble altar of Elyvilon.
  6130 | D:7      | Noticed Maggie
  6132 | D:7      | Noticed Harold
  6159 | D:8      | Reached skill level 5 in Evocations
  6255 | D:8      | Reached skill level 6 in Invocations
  6294 | D:8      | Reached XP level 10. HP: 68/92 MP: 12/12
  6406 | D:8      | Reached ** piety under Makhleb
  6529 | D:8      | Found a staircase to the Lair.
  6691 | D:9      | Noticed Erolcha
  6847 | D:9      | Found a blossoming altar of Fedhas.
  6865 | D:9      | Found a shimmering blue altar of Sif Muna.
  7015 | D:9      | Reached skill level 7 in Invocations
  7643 | D:10     | Entered Level 10 of the Dungeon
  7737 | D:10     | Noticed Urug
  7772 | D:10     | Killed Urug
  7772 | D:10     | Reached skill level 8 in Invocations
  8007 | D:10     | Reached XP level 11. HP: 60/100 MP: 15/15
  8225 | D:10     | Reached *** piety under Makhleb
  8428 | D:11     | Found Mushis Wull's Weapon Boutique.
  8636 | D:11     | Found a staircase to the Orcish Mines.
  8636 | D:11     | Found Ruathr Womemu's Armour Shop.
  8647 | D:11     | Bought a +2 helmet of see invisible for 301 gold pieces
  8915 | D:11     | Noticed a centaur warrior
  8927 | D:11     | Killed a centaur warrior
  8927 | D:11     | Reached skill level 9 in Invocations
  9333 | Lair:1   | Entered Level 1 of the Lair of Beasts
  9542 | Lair:1   | HP: 3/100 [spiny frog (16)]
  9571 | Lair:1   | Noticed a seven-headed hydra
  9579 | Lair:1   | Killed a seven-headed hydra
  9579 | Lair:1   | Reached skill level 10 in Invocations
  9671 | Lair:1   | Reached **** piety under Makhleb
  9676 | Lair:1   | Noticed Erica
  9695 | Lair:1   | Killed Erica
 10492 | Lair:2   | Reached skill level 11 in Invocations
 10501 | Lair:2   | Noticed an oklob plant
 10665 | Lair:2   | Reached XP level 12. HP: 47/110 MP: 15/15
 11185 | Lair:2   | Found a staircase to the Shoals.
 11366 | Lair:3   | Found a runed translucent door.
 11577 | Lair:3   | Found a hole to the Spider Nest.
 12020 | Lair:3   | Got a shimmering bronze ring
 12022 | Lair:3   | Identified the ring of Tomorrow {*Corrode rPois MR- SInv
                  | Stlth+} (You found it on level 3 of the Lair of Beasts)
 12090 | Lair:3   | Noticed Yjeari's ghost (journeyman GrMo)
 12183 | Lair:4   | Noticed HunfridMar's ghost (journeyman DECj)
 12207 | Lair:4   | Noticed a death yak
 12207 | Lair:4   | Noticed a death yak
 12208 | Lair:4   | Noticed a death yak
 12231 | Lair:4   | Killed a death yak
 12231 | Lair:4   | Reached skill level 10 in Shields
 12232 | Lair:4   | Killed a death yak
 12232 | Lair:4   | Reached skill level 12 in Invocations
 12246 | Lair:4   | Killed a death yak
 12246 | Lair:4   | Reached skill level 10 in Armour
 12260 | Lair:4   | Found a frozen archway.
 12354 | IceCv    | Entered an ice cave
 12937 | IceCv    | Noticed a frost giant
 12955 | IceCv    | Killed a frost giant
 12955 | IceCv    | Reached skill level 10 in Axes
 13199 | Lair:4   | Got a steaming flail
 13400 | Lair:4   | Found a transporter.
 13422 | Lair:4   | Found a transporter.
 13461 | Lair:4   | Reached skill level 13 in Invocations
 13743 | Lair:5   | Noticed an eight-headed hydra
 13755 | Lair:5   | Killed a five-headed hydra
 13997 | Lair:5   | Reached XP level 13. HP: 52/121 MP: 16/16
 14345 | Lair:6   | Entered Level 6 of the Lair of Beasts
 14496 | Lair:6   | Reached skill level 14 in Invocations
 15095 | Lair:6   | Found a staircase to the Slime Pits.
 15102 | Lair:6   | Found a viscous altar of Jiyva.
 15111 | Lair:6   | Reached skill level 15 in Invocations
 15944 | D:7      | Reached skill level 10 in Fighting
 16169 | D:7      | Killed Maggie
 16201 | D:7      | Killed Harold
 16455 | D:9      | HP: 5/123 [Erolcha/crystal spear (48)]
 16458 | D:9      | Killed Erolcha
 16594 | D:12     | Noticed Jorgrun
 16608 | D:12     | Killed Jorgrun
 16608 | D:12     | Gained mutation: You resist negative energy. (rN+) [Deep
                  | Dwarf growth]
 16608 | D:12     | Reached XP level 14. HP: 48/132 MP: 10/10
 16830 | D:12     | Noticed Azrael
 16841 | D:12     | Killed Azrael
 16989 | D:12     | Reached skill level 16 in Invocations
 17538 | D:13     | Noticed an ironheart preserver
 17550 | D:13     | Killed an ironheart preserver
 17572 | D:13     | Found a gate to the Vaults.
 17611 | D:13     | Reached skill level 1 in Dodging
 17623 | D:13     | Reached ***** piety under Makhleb
 18111 | D:13     | Found a runed translucent door.
 18313 | D:14     | Noticed Josephine
 18323 | D:14     | Killed Josephine
 18360 | D:14     | Found a sacrificial altar of Ru.
 18521 | D:14     | Found a runed translucent gate.
 18521 | D:14     | Found a runed translucent gate.
 18521 | D:14     | Found a runed translucent gate.
 18521 | D:14     | Noticed Opnastoc's ghost (journeyman MiBe)
 18693 | D:15     | Entered Level 15 of the Dungeon
 18736 | D:15     | Found a staircase to the Depths.
 18854 | D:15     | Found Ruorgh's Magic Scroll Shoppe.
 18877 | D:15     | Reached skill level 17 in Invocations
 18922 | D:15     | Bought a scroll of identify for 38 gold pieces
 18932 | D:15     | Found Xeleset's Antique Weapon Boutique.
 18959 | D:15     | Found Xigel's Assorted Antiques.
 18968 | D:15     | Bought a murky blue potion for 22 gold pieces
 19078 | D:15     | Found a hide-covered altar of Uskayaw.
 19281 | Orc:1    | Entered Level 1 of the Orcish Mines
 19501 | Orc:1    | Noticed Fannar
 19564 | Orc:1    | Killed Fannar
 19577 | Orc:1    | Noticed Snorg
 19586 | Orc:1    | Killed Snorg
 19849 | Orc:2    | Entered Level 2 of the Orcish Mines
 19909 | Orc:2    | Noticed Sonja
 19925 | Orc:2    | Killed Sonja
 20218 | Orc:2    | Reached XP level 15. HP: 53/141 MP: 5/5
 20361 | Orc:2    | Found Gypom's Antique Weapon Emporium.
 20361 | Orc:2    | Found Neabbaqy's Armour Shop.
 20362 | Orc:2    | Found Beebbuene's Food Boutique.
 20362 | Orc:2    | Found Efuih's Antique Armour Emporium.
 20381 | Orc:2    | Reached skill level 5 in Dodging
 20451 | Orc:2    | Bought a runed kite shield for 270 gold pieces
 20451 | Orc:2    | Bought a shiny helmet for 270 gold pieces
 20452 | Orc:2    | Bought a +1 cloak of poison resistance for 216 gold pieces
 20452 | Orc:2    | Bought a +0 tower shield of cold resistance for 184 gold
                  | pieces
 20621 | Orc:2    | Found a staircase to the Elven Halls.
 20687 | Orc:2    | Reached skill level 18 in Invocations
 21085 | Spider:1 | Entered Level 1 of the Spider Nest
 21572 | Spider:1 | Identified the +0 robe of Duck's Teeth {rF+ Regen+ Str+3
                  | Int-5}
 22212 | Spider:2 | HP: 7/144 [poisoned by an emperor scorpion]
 22227 | Spider:2 | HP: 3/144 [tarantella (8)]
 22228 | Spider:2 | Slain by a redback

Illustrated notes

Levels and vault maps discovered:
D:1:      minmay_arrival_widening_spiral_narrow, layout_loops_cross,
          minmay_unequal
D:2:      layout_rooms, first_ration
D:3:      layout_rooms, chequers_ecumenical_altar_simple,
          kennysheep_generic_room_16
D:4:      minmay_evil_eye, layout_rooms, minmay_joined_circles
D:5:      layout_gridville, uniq_pikel, uniq_duvessa
D:6:      layout_layer_cave, minmay_temple_entry_drinking_statues, serial_glass,
          glass_columns_b, glass_columns_c, glass_columns_b, glass_columns_a,
          minmay_misc_feat_plants
D:7:      layout_gridville, enter_bailey_8, grunt_livestock, elyvilon_altar_1,
          uniq_harold, uniq_maggie
D:8:      layout_rooms, due_lair_maze_entry_diamond
D:9:      layout_roguey, lemuel_crystal_altar, basic_altar,
          minmay_increasing_density, uniq_erolcha
D:10:     layout_long_grid, uniq_urug
D:11:     layout_roguey, orc_david_3, serial_shops, nicolae_shop_trees,
          hangedman_decor_lopped, small_statue_intersection
D:12:     layout_irregular_city, uniq_jorgrun, uniq_azrael
D:13:     layout_rooms, skrybe_vaults_entry_preservation, minmay_crystal_box
D:14:     layout_cave_pools, ebering_ghost_rock_garden, nicolae_ru_awakened_eye,
          minmay_microvault, uniq_josephine
D:15:     hangedman_depths_entry_try_elsewhere_first, layout_rooms,
          lemuel_doored_altar, serial_shops, shop_coins, shop,
          nicolae_shop_statue_plus, chequers_serial_rivers_room_b
Temple:   roderic_octagonal_lattice_temple
Lair:1:   layout_roguey, chequers_serial_rivers_small_b,
          chequers_serial_rivers_large_a, cheibrodos_lair_lostbears,
          serial_bayou_shore_a, uniq_erica
Lair:2:   layout_gridlike, elwin_shoals_entry_rooms, minivault_11,
          minmay_lair_oklob_bushes, serial_bayou_shore_b
Lair:3:   layout_loops_ring, spider_nest_entry_web_field,
          ebering_ghost_reflecting_pool
Lair:4:   layout_gridlike, gammafunk_ghost_berserking_beasts,
          portal_ice_cave_entry_imps
Lair:5:   cheibrodos_magma_flow, layout_cave_shapes
Lair:6:   evilmike_catoblepas_cave, layout_cave_shapes, slime_altar_1,
          hangedman_lair_generics_rect, grunt_megastairs_5
Spider:1: cheibrodos_spider_silkery
Spider:2: layout_spider_delve
Orc:1:    layout_caves, mines4_lemuel, uniq_fannar, uniq_snorg
Orc:2:    st_orc_ogre_mass, layout_caves, uniq_sonja

Skill      XL: |  1  2  3  4  5  6  7  8  9 10 11 12 13 14 15 |
---------------+----------------------------------------------+-----
Fighting       | 3 4 5 6 7 8 9 10 11 | 11.7
Axes           | 3 4 5 6 7 8 9 10 11 12 13 | 13.4
Armour         | 4 5 6 7 8 9 10 11 12 13 | 13.5
Shields        | 4 5 6 7 8 9 10 | 10.4
Invocations    | 2 6 8 11 13 15 17 18 | 18.9
Evocations     | 2 5 8 9 |  9.0
Dodging        | 4 6 |  6.0

Action                   |  1- 3 |  4- 6 |  7- 9 | 10-12 | 13-15 || total
-------------------------+-------+-------+-------+-------+-------++-------
Melee: War axe           |   133 |   181 |   366 |   885 |       ||  1565
       Battleaxe         |       |       |       |    62 |  1107 ||  1169
       Scimitar          |       |       |       |     4 |    11 ||    15
Throw: Dart              |       |     6 |    13 |    36 |    19 ||    74
       Javelin           |       |    15 |    48 |    29 |    27 ||   119
       Boomerang         |       |       |       |     5 |     7 ||    12
       Throwing net      |       |       |       |     2 |     5 ||     7
Invok: Lesser Servant of |       |       |       |    13 |    61 ||    74
       Major Destruction |       |       |       |     3 |     1 ||     4
       Minor Destruction |       |       |       |     2 |       ||     2
       Greater Servant o |       |       |       |       |     4 ||     4
 Abil: Heal Wounds       |     1 |     2 |    14 |    34 |    63 ||   114
       Evoke Flight      |       |       |     2 |       |       ||     2
       Stop Flying       |       |       |     1 |       |       ||     1
Evoke: Wand              |       |       |     5 |    30 |    34 ||    69
       Box of beasts     |       |       |       |       |     2 ||     2
  Use: Scroll            |       |     7 |     9 |     8 |    10 ||    34
       Potion            |       |       |     2 |     7 |     9 ||    18
 Stab: Distracted        |       |       |       |     3 |    16 ||    19
       Held in net/web   |       |       |       |       |     2 ||     2
       Petrified         |       |       |       |       |     1 ||     1
  Eat: Chunk             |       |     6 |    13 |    27 |    29 ||    75
       Ration            |       |       |       |     1 |     1 ||     2
Armor: Scale mail        |    58 |       |       |       |       ||    58
       Chain mail        |       |    89 |       |       |       ||    89
       Plate armour      |       |    14 |   193 |   566 |  1249 ||  2022
       Skin              |       |       |    11 |    10 |       ||    21
Dodge: Dodged            |    39 |    45 |    73 |   203 |   761 ||  1121
Block: Kite shield       |    81 |   112 |   269 |   590 |       ||  1052
       Tower shield      |       |       |       |       |     3 ||     3
       Rpst.: Scimitar   |       |       |       |     2 |     2 ||     4
